 Dungeon Sprint DCSS version 0.29-a0-857-g9b1aa3ac5b (webtiles) character file.

Game seed: 1425630137529402072

135 manyhoops the Slasher (level 5, -2/48 HPs)
             Began as a Human Berserker on July 16, 2022.
             Was a Follower of Trog.
             Slain by a worm (4 damage)
             ... in the Dungeon (Sprint II: "The Violet Keep of Menkaure").
             The game lasted 00:00:26 (22 turns).

manyhoops the Slasher (Human Berserker)               Turns: 22, Time: 00:00:27

Health: -2/48      AC:  2    Str: 20    XL:     5   Next: 41%
Magic:  5/5        EV: 12    Int:  7    God:    Trog [*.....]
Gold:   0          SH:  0    Dex: 12    Spells: 4/4 levels left

rFire   . . .      SeeInvis .   a - +0 falchion
rCold   . . .      Faith    .   (no shield)
rNeg    . . .      Spirit   .   b - +0 animal skin
rPois   .          Reflect  .   (no helmet)
rElec   .          Harm     .   (no cloak)
rCorr   .          Rampage  .   (no gloves)
Will    .....      NoTele   +   (no boots)
Stlth   +.........              (no amulet)
HPRegen 0.16/turn               (no ring)
MPRegen 0.09/turn               (no ring)

@: on berserk cooldown, slowed, very slow
A: no striking features
a: Renounce Religion, Berserk


You were in the Dungeon.
You worshipped Trog.
Trog was aware of your devotion.
You visited 1 branch

Inventory:

Hand Weapons
 a - a +0 falchion (weapon)
Armour
 b - a +0 animal skin (worn)
Scrolls
 h - a scroll of blinking
Potions
 c - a potion of curing
 d - a potion of heal wounds
 e - a potion of haste
 f - 2 potions of magic
 g - a potion of berserk rage


   Skills:
 + Level 7.5 Fighting
 + Level 7.7 Long Blades
 - Level 2.0 Armour
 - Level 2.0 Dodging


You had 4 spell levels left.
You didn't know any spells.
Your spell library was empty.

Dungeon Overview and Level Annotations

Branches:
Dungeon (1/1)

Altars:


Message History

The worm is heavily wounded.
The worm bites you! The worm bites you.
You barely miss the worm.
The worm is heavily wounded.
The worm bites you!
* * * LOW HITPOINT WARNING * * *
The worm bites you.
* * * LOW HITPOINT WARNING * * *
You hit the worm.
The worm is heavily wounded.
The worm closely misses you.
A neqoxec comes into view.
There is an open door here.
The worm bites you.
* * * LOW HITPOINT WARNING * * *
The worm barely misses you.
You see here 243 gold pieces.
Okay, then.
The neqoxec shouts!
The neqoxec hits you.
* * * LOW HITPOINT WARNING * * *
The worm bites you.
* * * LOW HITPOINT WARNING * * *
The neqoxec closely misses you.
There is an open door here.
Unknown command.
Unknown command.
You barely miss the neqoxec. The neqoxec closely misses you.
The worm closely misses you. The worm barely misses you.
You hit the neqoxec but do no damage.
The neqoxec hits you but does no damage.
The worm barely misses you. x2; The neqoxec misses you.
You barely miss the neqoxec. The neqoxec barely misses you.
The worm closely misses you. The worm barely misses you.
You hit the neqoxec.
The neqoxec is lightly wounded.
The neqoxec gestures at you.
Something tries to feed on your intellect!
The worm completely misses you. The worm bites you.
You die...

## .# ##
.##
##.###+#
#..w##.##
+##w@3<.+
####.##
#+#


You could see a neqoxec and 2 worms.

Vanquished Creatures
  A neqoxec (D)
1 creature vanquished.

Notes
Turn   | Place    | Note
-------+----------+-------------------------------------------
     0 | D        | manyhoops the Human Berserker began the quest for the Orb.
     0 | D        | Reached XP level 1. HP: 18/18 MP: 1/1
     1 | D        | Noticed a neqoxec
     6 | D        | Killed a neqoxec
     7 | D        | Reached XP level 2. HP: 31/31 MP: 2/2
     7 | D        | Reached XP level 3. HP: 36/36 MP: 3/3
     7 | D        | Reached XP level 4. HP: 43/43 MP: 4/4
     7 | D        | Reached XP level 5. HP: 48/48 MP: 5/5
    16 | D        | Noticed a neqoxec
    18 | D        | HP: 1/48 [worm (3)]
    22 | D        | Slain by a worm

Illustrated notes

Levels and vault maps discovered:
D:        the_violet_keep_of_menkaure [sprint2_stairs_cluster_1,
          sprint2_shoproom, sprint2_temple, sprint2_basic_supplies,
          sprint2_obstacle_4, sprint2_obstacle_6, sprint2_obstacle_2,
          sprint2_obstacle_3, sprint2_obstacle_5, sprint2_timed_cluster_1,
          sprint2_smallroom_cluster_1, sprint2_smallroom_final_cluster_1,
          sprint2_transparent_cluster_1, sprint2_second_timed_cluster_1,
          sprint2_sniper_area_1, sprint2_heavy_combat_area_1,
          sprint2_mutation_trap_area_1, sprint2_forest_area_1,
          sprint2_light_combat_area_1, sprint2_behind_water_1,
          sprint2_near_end_vault_1]

Skill      XL: |  1 |
---------------+----+-----
Fighting       | 7 |  7.5
Long Blades    | 7 |  7.7
Armour         | |  2.0
Dodging        | |  2.0

Action                   |  1- 3 |  4- 6 || total
-------------------------+-------+-------++-------
Melee: Falchion          |     4 |     8 ||    12
       Punch             |     1 |       ||     1
Invok: Berserk           |     1 |       ||     1
Armor: Animal skin       |       |     1 ||     1
Dodge: Dodged            |     1 |    14 ||    15

Table legend: (Time is in decaauts)
 A = Elapsed time spent in this place.
 B = Non-inter-level travel time spent in this place.
 C = Inter-level travel time spent in this place.
 D = Time resting spent in this place.
 E = Time spent auto-exploring this place.
 F = Levels seen in this place.
 G = Mean time per level.
                   A        B        C        D        E       F      G
               +--------+--------+--------+--------+--------+-----+--------+
         Total |     24 |     24 |      0 |      0 |      0 |   1 |   24.0 |
       Dungeon |     24 |     24 |      0 |      0 |      0 |   1 |   24.0 |
               +--------+--------+--------+--------+--------+-----+--------+

Top non-repeatable levels by time:
       D: 24 daAuts
